 Dungeon Crawl Stone Soup version 0.21-a0-125-gb006224 (webtiles) character file.

122 Kurtz the Skirmisher (level 4, -7/35 HPs)
             Began as a Mummy Abyssal Knight on July 15, 2017.
             Was a Follower of Lugonu.
             Killed from afar by Natasha (8 damage)
             ... with a magic dart
             ... on level 3 of the Dungeon.
             The game lasted 00:03:17 (3953 turns).

Kurtz the Skirmisher (Mummy Abyssal Knight)         Turns: 3953, Time: 00:03:17

Health: -7/35      AC:  5    Str: 16    XL:     4   Next: 78%
Magic:  5/5        EV: 10    Int: 11    God:    Lugonu [*.....]
Gold:   75         SH:  0    Dex: 11    Spells: 3/3 levels left

rFire    x . .     SeeInvis .   h - +3 spear
rCold    + . .     Gourm    .   (no shield)
rNeg     + + +     Faith    .   k - +0 ring mail
rPois    ∞         Spirit   .   (no helmet)
rElec    .         Reflect  .   (no cloak)
rCorr    .         Harm     .   (no gloves)
MR       .....                  (no boots)
Stlth    +.........             (no amulet)
HPRegen  0.11/turn              (no ring)
MPRegen  0.09/turn              (no ring)

@: no status effects
A: no food or potions, fire vulnerability, cold resistance 1, negative energy
resistance 3, torment resistance, unbreathing
a: Depart the Abyss, Renounce Religion


You were on level 3 of the Dungeon.
You worshipped Lugonu.
Lugonu was aware of your devotion.
You were not hungry.

You visited 1 branch of the dungeon, and saw 4 of its levels.
You visited the Abyss 1 time.

You collected 75 gold pieces.

Inventory:

Hand Weapons
 a - a +1 hand axe
 h - a +3 spear (weapon)
Armour
 b - a +0 leather armour
 k - a +0 ring mail (worn)
Wands
 e - a wand of enslavement (12/24)
Scrolls
 d - 2 scrolls of identify {unknown}
 f - 2 scrolls of teleportation {unknown}
 g - a scroll of remove curse {unknown}
 i - a scroll of random uselessness {unknown}
 j - a scroll of magic mapping {unknown}
Books
 c - a book of Transfigurations

   Spells                             Type                      Level
   a - Irradiate                      Conjuration/Transmutation    5
   b - Statue Form                    Transmutation/Earth          6
   c - Hydra Form                     Transmutation                6
   d - Dragon Form                    Transmutation                7


   Skills:
 - Level 3.0 Fighting
 - Level 2.5(3.3) Axes
 * Level 3.0(3.5) Polearms
 - Level 1.5 Armour
 - Level 0.7 Dodging
 - Level 1.5 Invocations


You had 3 spell levels left.
You didn't know any spells.

Dungeon Overview and Level Annotations

Branches:
Dungeon (4/15)
 Temple: D:4-7

Altars:
Ashenzari
Dithmenos
Okawaru
Ru
Uskayaw
Vehumet
Yredelemnul
Zin

Annotations:
D:3 Natasha; Zellion's ghost, amateur NaTm


Innate Abilities, Weirdness & Mutations

You do not eat or drink.
Your flesh is vulnerable to fire.
You are immune to poison.
Your flesh is cold resistant. (rC+)
You are immune to negative energy. (rN+++)
You are immune to unholy pain and torment.
You can survive without breathing.


Message History

You are too injured to fight recklessly!
Unknown command.
Unknown command.
Attack whom?
Press: ? - help, Dir - move target cursor, f - Natasha
Aim: Natasha (almost dead)
You hit Natasha.
Natasha is almost dead.
Natasha closely misses you.
The gnoll hits you from afar with a spear!
* * * LOW HITPOINT WARNING * * *
A jackal comes into view.
Unknown command.
The jackal barks!
You hear a bark!
Natasha casts a spell at you. The magic dart hits you!
* * * LOW HITPOINT WARNING * * *
Natasha casts a spell at you. The magic dart hits you!
You die...

.......>...o.##...##..#
#.###..................
###.........†....##
...#.............##
####..............##
#.gh.#####.#......#
..##.# ##.#......#
###..####..########
#...@<)..##
#....hP........
#....≈≈≈≈≈≈≈≈≈≈
#....≈≈≈≈≈≈≈≈≈≈
#....≈≈#####≈≈≈
#....≈≈# ..#...
#....≈≈# ..# ##
#...P≈≈# #'#


You could see Natasha and a jackal.

Vanquished Creatures
  A gnoll (D:2)
  3 adders (D:2)
  An ufetubus (Abyss:2)
  An ooze (D:1)
  2 worms
  3 dart slugs
  5 orcs
  10 bats
  2 giant cockroaches (D:1)
  4 goblins
  7 hobgoblins
  2 jackals (D:1)
  3 frilled lizards (D:1)
  8 kobolds
  8 rats
60 creatures vanquished.

Notes
Turn   | Place    | Note
-------+----------+-------------------------------------------
     0 | Abyss:1  | Kurtz the Mummy Abyssal Knight began the quest for the Orb.
     0 | Abyss:1  | Reached XP level 1. HP: 18/18 MP: 2/2
   219 | Abyss:2  | Noticed a wretched star
   219 | Abyss:2  | Noticed a thrashing horror
   219 | D:1      | Escaped the Abyss
   423 | D:1      | Reached XP level 2. HP: 22/24 MP: 3/3
   526 | D:1      | Found an iron altar of Okawaru.
   641 | D:1      | Reached * piety under Lugonu
   851 | D:1      | Reached skill level 1 in Polearms
   868 | D:1      | Reached XP level 3. HP: 25/29 MP: 4/4
  1298 | D:2      | Found a hide-covered altar of Uskayaw.
  1299 | D:2      | Found a glowing silver altar of Zin.
  1301 | D:2      | Found a sacrificial altar of Ru.
  1303 | D:2      | Found an iron altar of Okawaru.
  1303 | D:2      | Found a shadowy altar of Dithmenos.
  1317 | D:2      | Found a shattered altar of Ashenzari.
  1317 | D:2      | Found a radiant altar of Vehumet.
  1318 | D:2      | Found a basalt altar of Yredelemnul.
  1520 | D:2      | Reached XP level 4. HP: 34/35 MP: 5/5
  2309 | D:3      | Noticed Zellion's ghost (amateur NaTm)
  3946 | D:3      | Noticed Natasha
  3952 | D:3      | HP: 1/35 [Natasha/magic dart (6)]
  3953 | D:3      | Killed from afar by Natasha

Vault maps used:
D:1:      dpeg_arrival_yet_another_circle, okawaru_ov_weapons_minmay
D:2:      grunt_temple_overflow_open, first_bread
D:3:      lemuel_castle_with_subvaults, uniq_natasha, uniq_robin
D:4:      temple_hall
Abyss:1:  evilmike_abyss_exit_13

Skill      XL: |  1  2  3  4 |
---------------+-------------+-----
Axes           | 2 |  2.5
Polearms       | 1 2 3 |  3.0
Fighting       | |  3.0
Armour         | |  1.5
Dodging        | |  0.7
Invocations    | |  1.5

Action                   |  1- 3 |  4- 6 || total
-------------------------+-------+-------++-------
Melee: Hand axe          |    21 |       ||    21
       Spear             |    96 |    98 ||   194
Invok: Depart the Abyss  |     1 |       ||     1
 Stab: Sleeping          |     1 |       ||     1
Armor: Leather armour    |    20 |     3 ||    23
       Ring mail         |       |    29 ||    29
Dodge: Dodged            |    64 |    40 ||   104
